 Seeded DCSS version 0.27-a0-1591-gc56fcc9 (webtiles) character file.

Game seed: 6102775465341156983 (custom seed)

119 Illumine the Vexing (level 5, -2/38 HPs)
             Began as a Human Arcane Marksman on July 18, 2021.
             Slain by an orc (16 damage)
             ... on level 3 of the Dungeon.
             The game lasted 00:06:30 (2751 turns).

Illumine the Vexing (Human Arcane Marksman)         Turns: 2751, Time: 00:06:30

Health: -2/38      AC:  7    Str: 12    XL:     5   Next: 23%
Magic:  6/6        EV: 12    Int: 13    God:
Gold:   90         SH:  0    Dex: 13    Spells: 1/6 levels left

rFire    . . .     SeeInvis .   d - +0 war axe
rCold    . . .     Faith    .   (no shield)
rNeg     . . .     Spirit   .   n - +0 leather armour
rPois    .         Reflect  .   (no helmet)
rElec    .         Harm     .   f - +0 cloak
rCorr    .         Rampage  .   e - +2 pair of gloves
Will     .....                  (no boots)
Stlth    +.........             (no amulet)
HPRegen  0.12/turn              (no ring)
MPRegen  0.10/turn              (no ring)

@: no status effects
A: no striking features
a: no special abilities


You were on level 3 of the Dungeon.
You visited 1 branch of the dungeon, and saw 3 of its levels.

You collected 90 gold pieces.

Inventory:

Hand Weapons
 a - a +0 shortbow
 d - a +0 war axe (weapon)
Missiles
 b - 81 stones (quivered)
 c - 25 arrows
Armour
 e - a +2 pair of gloves (worn)
 f - a +0 cloak (worn)
 n - a +0 leather armour (worn)
Scrolls
 g - a scroll of teleportation
 h - a scroll of fear {unknown}
 j - a scroll of noise
 k - a scroll of enchant armour {unknown}
 l - a scroll of immolation {unknown}
Potions
 m - a potion of attraction {unknown}


   Skills:
 + Level 2.2 Fighting
 + Level 1.7 Short Blades
 * Level 0.4 Axes
 + Level 3.1 Bows
 + Level 0.4 Armour
 - Level 2.4 Dodging
 + Level 1.1 Spellcasting
 - Level 3.1 Hexes
 + Level 0.3 Air Magic
 + Level 0.2 Poison Magic


You had one spell level left.
You knew the following spells:

 Your Spells              Type           Power      Damage    Failure   Level
a - Corona                Hex            8%         N/A       10%         1
b - Slow                  Hex            8%         N/A       16%         2
c - Poisonous Vapours     Pois/Air       2%         N/A       43%         2

Your spell library contained the following spells:

 Spells                   Type           Power      Damage    Failure   Level
 Inner Flame              Hex/Fire       4%         N/A       50%         3
 Portal Projectile        Hex/Tloc       8%         N/A       50%         3
 Mephitic Cloud           Conj/Pois/Air  1%         N/A       69%         3
 Cause Fear               Hex            4%         N/A       69%         4
 Freezing Cloud           Conj/Ice/Air   0%         6-21      100%        5


Dungeon Overview and Level Annotations

Branches:
Dungeon (3/15)

Altars:

Annotations:
D:2 1 runed translucent door, Crazy Yiuf


Message History

You hit the giant cockroach.
The giant cockroach is severely wounded.
The giant cockroach closely misses you.
The giant cockroach bites you but does no damage.
You hit the giant cockroach but do no damage.
The giant cockroach is severely wounded.
The giant cockroach misses you. The giant cockroach closely misses you.
You hit the giant cockroach but do no damage.
The giant cockroach is severely wounded.
The giant cockroach closely misses you.
The giant cockroach bites you but does no damage.
You hit the giant cockroach.
You kill the giant cockroach!
Things that are here:
a +0 hand axe; a +0 scale mail; an orc corpse An orc comes into view.
It is wielding a +0 dagger.
The orc shouts!
You see here 4 gold pieces.
You now have 90 gold pieces (gained 4).
An orc comes into view.
It is wielding a +2 short sword of distortion.
The orc shouts!
The orc hits you but does no damage.
You slash the orc!
You kill the orc!
A rat comes into view.
Things that are here:
a +0 dagger; a +0 ring mail You barely miss the orc.
The orc misses you.
You completely miss the orc.
The orc hits you with a +2 short sword of distortion.
Space warps horribly around you!
The orc hits you with a +2 short sword of distortion.
You closely miss the orc.
The orc hits you with a +2 short sword of distortion.
Space bends around you!
You barely miss the orc. You hit the rat.
You kill the rat!
The orc misses you. The orc hits you but does no damage.
Space warps horribly around you!
You die...

#.#. ## ..## ..
########. . #.##.......
######......##.#
......... #.##.### # #
........# #......##.#..
........###............
.........).........#
##########.....@o..#
#.........# #.........#
#.........# #........?#
#........># #.........#
#.........# #.........#


You could see an orc.

Vanquished Creatures
  An orc priest (D:3)
  Natasha (D:2)
  An adder (D:2)
  4 dart slugs
  5 orcs
  3 ball pythons
  5 endoplasms (D:1)
  3 giant cockroaches
  5 goblins
  2 hobgoblins (D:1)
  5 kobolds
  2 bats
  4 frilled lizards
  5 rats
46 creatures vanquished.

Notes
Turn   | Place    | Note
-------+----------+-------------------------------------------
     0 | D:1      | Illumine the Human Arcane Marksman began the quest for the
                  | Orb.
     0 | D:1      | Reached XP level 1. HP: 15/15 MP: 2/2
   523 | D:1      | Reached XP level 2. HP: 15/21 MP: 3/3
   799 | D:1      | Learned a level 2 spell: Slow
   906 | D:1      | Reached XP level 3. HP: 26/26 MP: 4/4
  1571 | D:2      | Found a runed translucent door.
  1572 | D:2      | Noticed Crazy Yiuf
  1775 | D:2      | Reached XP level 4. HP: 25/33 MP: 5/5
  1871 | D:2      | Noticed Natasha
  1875 | D:2      | Killed Natasha
  1876 | D:2      | Reached skill level 1 in Short Blades
  2406 | D:3      | Learned a level 2 spell: Poisonous Vapours
  2438 | D:3      | Reached XP level 5. HP: 4/38 MP: 6/6
  2751 | D:3      | Slain by an orc

Illustrated notes

Levels and vault maps discovered:
D:1:      tarquinn_simple_flora_water_f, layout_rooms
D:2:      layout_loops_ring, uniq_crazy_yiuf_cottage, uniq_natasha
D:3:      layout_rooms, hellmonk_ecumenical_altar_pennies_from_heaven

Skill      XL: |  1  2  3  4 |
---------------+-------------+-----
Fighting       | 2 |  2.2
Short Blades   | 1 |  1.7
Bows           | 3 |  3.1
Axes           | |  0.4
Armour         | |  0.4
Dodging        | |  2.4
Spellcasting   | |  1.1
Hexes          | |  3.1
Air Magic      | |  0.3
Poison Magic   | |  0.2

Action                   |  1- 3 |  4- 6 || total
-------------------------+-------+-------++-------
Melee: Club              |    23 |       ||    23
       Short sword       |    34 |    31 ||    65
       War axe           |       |    13 ||    13
 Fire: Shortbow          |    47 |    17 ||    64
Throw: Stone             |     4 |       ||     4
  Use: Scroll            |       |     2 ||     2
 Stab: Sleeping          |     1 |       ||     1
Armor: Robe              |    19 |     8 ||    27
       Leather armour    |       |    11 ||    11
Dodge: Dodged            |    53 |    22 ||    75

Table legend: (Time is in decaauts)
 A = Elapsed time spent in this place.
 B = Non-inter-level travel time spent in this place.
 C = Inter-level travel time spent in this place.
 D = Time resting spent in this place.
 E = Time spent auto-exploring this place.
 F = Levels seen in this place.
 G = Mean time per level.
                   A        B        C        D        E       F      G
               +--------+--------+--------+--------+--------+-----+--------+
         Total |   2768 |   2736 |     32 |   1102 |    907 |   3 |  922.7 |
       Dungeon |   2768 |   2736 |     32 |   1102 |    907 |   3 |  922.7 |
               +--------+--------+--------+--------+--------+-----+--------+

Top non-repeatable levels by time:
     D:1: 1418 daAuts
     D:2: 914 daAuts
     D:3: 435 daAuts
